Map: Kairos Junction LE

Players

skeletonkey

  • Race: Terran Terran
  • League: Silver
  • Spawn Location: 11:00

Throwfordays - Winner!

  • Race: Protoss Protoss
  • League: Silver
  • Spawn Location: 5:00

VOD

Have the link to the VOD?

Description

Time

  • Played on: Feb. 10, 2019, 10:15 p.m.
  • Length: 9:10
Show
View Real Time Build Order
Export as new Build Order

skeletonkey Terran 

Build Orders:  

Get SALT Encoding   

  12  0:01  SCV  
  13  0:16  Supply Depot  
  13  0:18  SCV  
  14  0:30  SCV  
  15  0:42  SCV, Barracks  
  16  0:51  Supply Depot  
  16  0:54  SCV  
  17  1:07  Refinery, SCV  
  18  1:17  Refinery  
  18  1:19  SCV  
  19  1:27  Supply Depot  
  19  1:31  SCV  
  20  1:34  Marine  
  21  1:43  SCV  
  22  1:52  Marine  
  23  1:55  SCV  
  24  2:07  SCV  
  25  2:10  Marine  
  26  2:19  SCV  
  26  2:20  Factory  
  27  2:27  Marine  
  28  2:30  Engineering Bay  
  28  2:31  SCV  
  29  2:43  SCV  
  30  2:45  Marine  
  31  2:55  SCV  
  31  2:56  Supply Depot  
  32  3:03  Marine  
  32  3:04  Missile Turret  
  32  3:05  Factory Tech Lab  
  33  3:08  SCV  
  34  3:13  Supply Depot  
  34  3:20  SCV  
  34  3:21  Marine  
  34  3:22  Missile Turret  
  36  3:32  SCV  
  36  3:33  Siege Tank  
  40  3:39  Marine  
  40  3:41  Missile Turret  
  41  3:48  Orbital Command  
  41  3:57  Marine  
  41  3:58  Missile Turret  
  42  4:06  Armory  
  42  4:14  Marine  
  43  4:29  Command Center  
  43  4:32  Marine  
  43  4:34  Siege Tank  
  47  4:46  Missile Turret  
  47  4:51  Barracks Tech Lab  
  47  4:55  Sensor Tower  
  47  4:57  Drilling Claws  
  47  5:06  Widow Mine  
  49  5:24  Missile Turret  
  49  5:27  Terran Infantry Weapons Level 1  
  49  5:28  Widow Mine  
  51  5:29  Supply Depot  
  51  5:49  Widow Mine  
  53  5:51  Refinery  
  53  5:53  Supply Depot  
  53  5:55  Marine  
  54  5:58  Combat Shield  
  54  6:02  Supply Depot  
  54  6:11  Widow Mine  
  56  6:13  Marine  
  56  6:14  SCV  
  58  6:26  SCV  
  58  6:32  Sensor Tower, Widow Mine  
  61  6:38  SCV  
  62  6:44  Factory  
  62  6:45  Missile Turret  
  62  6:47  Supply Depot  
  62  6:50  SCV  
  62  6:53  Widow Mine, Starport  
  65  7:03  SCV  
  66  7:08  Missile Turret  
  66  7:15  SCV, Widow Mine  
  69  7:17  Refinery  
  69  7:27  SCV  
  70  7:36  Widow Mine  
  72  7:37  Factory Reactor  
  72  7:39  SCV  
  74  7:51  SCV  
  74  7:54  Sensor Tower  
  74  7:57  Widow Mine, Missile Turret  
  74  8:03  SCV  
  64  8:16  Widow Mine  
  64  8:19  Widow Mine x2  
Show
View Real Time Build Order
Export as new Build Order

Throwfordays Protoss - Winner!

Build Orders: Double Forge 

Get SALT Encoding   

  12  0:00  Probe  
  13  0:12  Probe  
  14  0:18  Pylon  
  14  0:25  Probe  
  15  0:37  Probe  
  15  0:38  Gateway  
  16  0:49  Probe  
  17  1:01  Probe  
  17  1:03  Assimilator  
  18  1:19  Probe  
  18  1:25  Cybernetics Core  
  19  1:27  Gateway  
  19  1:31  Warp Gate, Probe  
  20  1:33  Pylon  
  20  1:39  Pylon  
  20  1:43  Probe  
  21  2:10  Nexus  
  21  2:21  Forge  
  21  2:29  Forge  
  21  2:36  Assimilator  
  21  2:46  Probe  
  22  2:54  Twilight Council  
  22  2:58  Probe  
  23  3:04  Gateway  
  23  3:10  Probe  
  24  3:14  Gateway  
  24  3:18  Probe  
  24  3:23  Probe  
  24  3:26  Probe  
  26  3:31  Probe  
  27  3:36  Probe  
  27  3:40  Probe  
  29  3:47  Protoss Ground Weapons Level 1  
  29  3:48  Probe  
  31  3:52  Protoss Ground Armor Level 1, Probe  
  32  4:00  Probe  
  33  4:04  Probe  
  34  4:12  Probe, Resonating Glaives  
  34  4:16  Probe  
  36  4:24  Gateway, Probe  
  36  4:27  Adept  
  36  4:28  Adept  
  36  4:30  Adept  
  43  4:35  Adept  
  43  4:36  Probe  
  46  4:43  Assimilator  
  46  4:46  Assimilator  
  46  4:47  Probe  
  46  4:50  Probe  
  48  4:55  Probe  
  48  4:58  Probe  
  49  5:01  Adept  
  49  5:02  Adept  
  54  5:07  Pylon  
  54  5:09  Robotics Facility  
  54  5:17  Pylon  
  54  5:20  Pylon  
  54  5:23  Pylon  
  54  5:25  Probe x2  
  56  5:35  Pylon  
  56  5:37  Pylon, Probe  
  56  5:41  Photon Cannon  
  57  5:44  Photon Cannon  
  57  5:48  Pylon, Photon Cannon  
  57  5:49  Probe  
  58  6:04  Protoss Ground Weapons Level 2  
  58  6:05  Protoss Ground Armor Level 2  
  56  6:17  Sentry  
  58  6:18  Stalker  
  58  6:19  Stalker x2  
  58  6:20  Sentry  
  66  6:30  Observer  
  67  6:39  Photon Cannon  
  67  6:41  Photon Cannon  
  67  6:47  Photon Cannon  
  67  6:51  Observer  
  68  7:01  Nexus  
  68  7:03  Pylon  
  68  7:05  Assimilator  
  68  7:07  Assimilator  
  68  7:17  Robotics Facility  
  68  7:19  Robotics Facility  
  68  7:24  Robotics Bay  
  68  7:38  Stalker x2  
  68  7:39  Stalker x3  
  74  8:25  Adept x5  
  82  8:36  Pylon  
Tags
 
Add a new tag
Caveats
  • Supply blocks, unpowered buildings, or Contaminate may cause inaccurate times.
  • Supply counts are checked every 10 seconds.